Jalkik, chaotic male human Wizard --------- --------- --------- --------- --------- |?!*?)!*| |.......| |.......-## |.......| #........| |/%)!?(/| |.......-#####|{......| # |.......| ###|.......| |![)%?!% |.......| #........| ### |.......| # |..<....| |?%%)% |.......| |.......| # |.......-### |.......| |@.. |.......| |.......| ##........| |.......| -@- -------.- -|------- ---.----- ---.----- # #### ## ## # # # # # # ## ## ###### #### # --.------ ---|----- -------.- -------.- ---|----- |.......| |.......| |...#...| |.......| |.......| |.......| |...%...| |.......| |.......| |.......| |.......| |.......| |.......| |.......| |.......| |..(.....#####........| |..>....| |...(...| |.......| |.......| |.......| |.......| |.>.....| |.......| --------- --------- --------- --------- --------- Jalkik the Conjurer Experience level: 3 Strength: 12 Dexterity: 14 Constitution: 11 Intelligence: 17 Wisdom: 11 Charisma: 10 Health: 0(28) Energy: 20(20) AC: 9 Gold: 0 Moves: 571 Your Inventory: Weapons a - a blessed +1 quarterstaff (weapon in hands) Armor b - an uncursed +0 cloak of magic resistance (being worn) o - a [cursed +0] iron skull cap [orcish helm] q - a [cursed +0] piece of cloth [cloak of displacement] Comestibles m - an [uncursed] lichen corpse n - an [uncursed] food ration s - an [uncursed] egg Scrolls i - 2 uncursed scrolls of identify j - an uncursed scroll of remove curse Spellbooks k - a blessed spellbook of force bolt l - an uncursed spellbook of light u - an [uncursed] gold spellbook [of magic missile] Potions f - 2 uncursed potions of levitation g - a blessed potion of fruit juice h - an uncursed potion of enlightenment Rings d - an uncursed ring of protection from shape changers (on right hand) e - an uncursed ring of searching (on left hand) Wands c - an uncursed wand of secret door detection (0:11) p - an [uncursed] runed wand [of locking (0:7)] r - an [uncursed] long wand [of digging (0:6)] t - an [uncursed] marble wand [of light (0:11)] Spells known in the end: Name Level Category Fail Memory a - force bolt 1 attack 0% [||||||||] b - light 1 divination 0% [||||||||] Your skills at the end: Fighting Skills Weapon Skills quarterstaff [Basic / Expert] Spellcasting Skills attack spells [Basic / Expert] enchantment spells [Basic / Skilled] Final Attributes: You were fervently aligned. Hunger level was 653. Your alignment was 12 / 12. Monster difficulty range was 0 - 2. Level difficulty was 2. You were magic-protected. You had automatic searching. You were protected from shape changers. Your luck was zero. You are dead. Vanquished creatures: a gas spore 2 giant rats a goblin 2 sewer rats 5 grid bugs 4 lichens 2 newts 17 creatures vanquished. Voluntary challenges: You were an atheist. You were illiterate. You used a wielded weapon 19 times. You put on armor 1 time. You never genocided any monsters. You never polymorphed an object. You never changed form. You used no wishes. You never wrote Elbereth's name. You never encountered a bones level. You never used any Sokoban shortcuts. Dungeon overview: The Dungeons of Doom: levels 1 to 2 Level 1 a long staircase Level 2 <- You were here a general store, a fountain, a sink a long staircase History has recorded: On T:1 you entered the Dungeons of Doom to retrieve the Amulet of Yendor! On T:221 you advanced to experience level 2. On T:268 you reached level 2 of The Dungeons of Doom. On T:524 you advanced to experience level 3. Latest messages: You miss Akalapi. Akalapi zaps a copper wand! Boing! Akalapi zaps a wand of striking! Boing! [HP+1=16] You miss Akalapi. Akalapi zaps a wand of striking! Boing! You hit Akalapi! Akalapi zaps a wand of striking! Boing! Akalapi zaps a wand of striking! Boing! You miss Akalapi. Akalapi zaps a wand of striking! Boing! You miss Akalapi. Akalapi zaps a wand of striking! Boing! Akalapi zaps a wand of striking! Boing! You miss Akalapi. Akalapi hits! (2x) You die... Akalapi takes all your possessions. Final status: Goodbye Jalkik the Wizard... You died in The Dungeons of Doom on dungeon level 2 with 230 points, and 0 pieces of gold, after 571 moves. You were level 3 with a maximum of 28 hit points when you died.